 Dungeon Crawl Stone Soup version 0.20.0-7-g3b7b877 (webtiles) character file.

3161 straycat the Sneak (level 9, 0/69 HPs)
             Began as a Vampire Wanderer on May 29, 2017.
             Slain by an orc warrior
             ... wielding a +0 dire flail
              (13 damage)
             ... on level 6 of the Dungeon.
             The game lasted 00:47:25 (10093 turns).

straycat the Sneak (Vampire Wanderer)              Turns: 10093, Time: 00:47:25

Health: 0/69       AC:  9    Str: 12    XL:     9   Next: 62%
Magic:  9/9        EV: 13    Int: 11    God:
Gold:   228        SH:  6    Dex: 19    Spells: 8/8 levels left

rFire    . . .     SeeInvis +   m - +6 spear
rCold    . . .     Gourm    .   l - +0 buckler
rNeg     + . .     Faith    .   w - +1 scale mail
rPois    .         Spirit   .   (no helmet)
rElec    .         Reflect  .   r - +0 cloak
rCorr    .         Harm     .   (no gloves)
MR       +....                  (no boots)
Stlth    ++........             c - amulet of magic regeneration
Regen    0.3/turn               x - ring of protection from magic
MPRegen  0.2/turn               (no ring)

@: no status effects
A: fangs 3, see invisible, unbreathing
a: Bat Form


You were on level 6 of the Dungeon.
You were not thirsty.

You visited 2 branches of the dungeon, and saw 8 of its levels.

You collected 228 gold pieces.

Inventory:

Hand Weapons
 a - a +2 hand axe
 e - a +0 dagger
 g - a +0 hunting sling
 j - a +0 scimitar
 m - a +6 spear (weapon)
 n - a +4 quarterstaff of chaos
 B - a +0 shortbow
 F - a +2 flail of crushing
Missiles
 h - 74 arrows
 q - 90 bolts
 s - 106 stones (quivered)
 v - 30 poisoned needles
Armour
 l - a +0 buckler (worn)
 o - a +0 ring mail
 r - a +0 cloak (worn)
 w - a +1 scale mail (worn)
Magical Staves
 y - a cursed staff of air {unknown}
Jewellery
 c - an amulet of magic regeneration (around neck)
 x - a ring of protection from magic (left hand)
Wands
 u - a wand of clouds (5/9)
Scrolls
 d - a scroll of remove curse
 i - 2 scrolls of immolation
 t - 3 scrolls of amnesia
 H - a scroll of teleportation
Potions
 b - 2 potions of haste
 f - 17 potions of blood
 k - a potion of magic
 p - a potion of lignification
 z - 3 potions of heal wounds
 A - a potion of resistance {unknown}
 C - a potion of brilliance {unknown}
 D - a potion of mutation {unknown}
 E - a potion of ambrosia {unknown}
 G - a potion of berserk rage {unknown}
 I - a potion of agility


   Skills:
 * Level 6.2 Fighting
 * Level 7.0 Short Blades
 - Level 1.7(2.5) Axes
 - Level 2.6(3.0) Polearms
 + Level 3.3 Armour
 * Level 6.9 Dodging
 + Level 7.1 Stealth
 + Level 4.3 Shields


You had 8 spell levels left.
You didn't know any spells.

Dungeon Overview and Level Annotations

Branches:
Dungeon (7/15)             Temple (1/1) D:6

Altars:
Ashenzari
Cheibriados
Dithmenos
Elyvilon
Gozag
Hepliaklqana
Kikubaaqudgha
Makhleb
Nemelex Xobeh
Okawaru
Qazlal
Ru
Sif Muna
Trog
Uskayaw
Vehumet
Xom
Zin
The Shining One

Annotations:
D:6 Sigmund


Innate Abilities, Weirdness & Mutations

You have razor-sharp teeth.
You have supernaturally acute eyesight. (SInv)
You can survive without breathing.


Message History

Attack whom?
Press: ? - help, Dir - move target cursor, f/p - orc warrior
Aim: an orc warrior, wielding a dire flail and wearing a plate armour (severely wounded)
You completely miss the orc warrior.
The orc warrior is severely wounded.
The orc warrior hits you with a dire flail!
* * * LOW HITPOINT WARNING * * *
Attack whom?
Press: ? - help, Dir - move target cursor, f/p - orc warrior
Aim: an orc warrior, wielding a dire flail and wearing a plate armour (severely wounded)
You hit the orc warrior.
The orc warrior is almost dead.
You block the orc warrior's attack.
Attack whom?
Press: ? - help, Dir - move target cursor, f/p - orc warrior
Aim: an orc warrior, wielding a dire flail and wearing a plate armour (almost dead)
You barely miss the orc warrior.
The orc warrior is almost dead.
The orc warrior hits you with a dire flail!
You die...

......####..###.##...............
.....## ##.####.##.###...#.......
....## ##.............##..#....).
.<######...........##.###.#####..
..# ##...#.........##.###.#######
..# #..###.........##...#.....#
..###.## #.........####.......##
.).....# #.........# #######..#
.#.....# #......@..# #..#
##.....# #.....o...# #..#
##.....# #.........# #..# #.....#
########### #### #.....# #.....#
#.....# #..<..# #######


You could see an orc warrior.

Vanquished Creatures
  Grinder (D:3)
  3 hippogriffs
  4 yaks (D:6)
  Edmund (D:6)
  The ghost of Larmestyx the Sneak, an amateur VSEn (D:3)
  2 orc warriors
  An ice beast (D:7)
  A phantom (D:6)
  An ogre (D:6)
  An eye of draining (D:5)
  2 centaurs
  2 howler monkeys (D:6)
  A crimson imp (D:6)
  2 bullfrog zombies (D:7)
  2 orc wizards
  A hound (D:6)
  Crazy Yiuf (D:6)
  6 orc priests
  6 worker ants
  A killer bee zombie (D:7)
  A hound zombie (D:7)
  A hound skeleton (D:6)
  2 worker ant zombies
  12 adders
  4 oozes
  An adder zombie (D:6)
  4 adder skeletons
  2 worms
  3 dart slugs (D:1)
  5 leopard geckos
  23 orcs
  2 giant cockroaches
  5 hobgoblins
  5 jackals (D:6)
  5 kobolds
  6 quokkas
  A ball python (D:3)
  6 bats
  4 frilled lizards
  4 goblins
  A quokka zombie (D:6)
  3 rats
140 creatures vanquished.

Notes
Turn   | Place    | Note
-------+----------+-------------------------------------------
     0 | D:1      | straycat the Vampire Wanderer began the quest for the Orb.
     0 | D:1      | straycat set off with: a +2 hand axe, a +0 spear, a potion of curing, a +0 robe, a +0 dagger, a potion of blood
     0 | D:1      | Reached XP level 1. HP: 17/17 MP: 1/1
   334 | D:1      | Reached XP level 2. HP: 23/23 MP: 2/2
   700 | D:1      | Reached skill level 1 in Short Blades
   714 | D:1      | Reached skill level 1 in Dodging
  1119 | D:1      | Reached XP level 3. HP: 29/29 MP: 3/3
  1684 | D:2      | Reached XP level 4. HP: 25/35 MP: 4/4
  1770 | D:2      | Found a burning altar of Makhleb.
  2485 | D:3      | Noticed Larmestyx's ghost (amateur VSEn)
  2497 | D:3      | Killed Larmestyx's ghost
  2497 | D:3      | Reached XP level 5. HP: 14/42 MP: 5/5
  2793 | D:3      | Found a glowing golden altar of the Shining One.
  2842 | D:3      | Found a hide-covered altar of Uskayaw.
  2856 | D:3      | Noticed Grinder
  2868 | D:3      | Paralysed by Grinder for 6 turns
  3409 | D:3      | Paralysed by Grinder for 4 turns
  3418 | D:3      | Killed Grinder
  3418 | D:3      | Reached skill level 1 in Armour
  3418 | D:3      | Reached XP level 6. HP: 31/48 MP: 6/6
  4464 | D:4      | Found a shadowy altar of Dithmenos.
  4464 | D:4      | Found a snail-covered altar of Cheibriados.
  4822 | D:5      | Entered Level 5 of the Dungeon
  4849 | D:5      | Found a glowing silver altar of Zin.
  5104 | D:5      | Found a stormy altar of Qazlal.
  5137 | D:5      | Found a white marble altar of Elyvilon.
  5148 | D:5      | Found an iron altar of Okawaru.
  5249 | D:5      | Reached XP level 7. HP: 47/55 MP: 7/7
  5320 | D:5      | Reached skill level 1 in Shields
  5368 | D:5      | Reached skill level 5 in Stealth
  6363 | D:5      | Found a radiant altar of Vehumet.
  6595 | D:6      | Found a staircase to the Ecumenical Temple.
  6605 | Temple   | Entered the Ecumenical Temple
  7312 | D:6      | Reached XP level 8. HP: 61/61 MP: 8/8
  7367 | D:6      | Noticed Edmund
  7410 | D:6      | Reached skill level 5 in Dodging
  7413 | D:6      | Reached skill level 5 in Fighting
  7726 | D:6      | Killed Edmund
  7726 | D:6      | Reached skill level 5 in Short Blades
  7790 | D:6      | Noticed Sigmund
  8379 | D:6      | Found a runed door.
  8383 | D:6      | Noticed Crazy Yiuf
  8392 | D:6      | Killed Crazy Yiuf
  8530 | D:6      | Reached XP level 9. HP: 17/69 MP: 9/9
 10093 | D:6      | Slain by an orc warrior

Skill      XL: |  1  2  3  4  5  6  7  8  9 |
---------------+----------------------------+-----
Fighting       | 3 4 5 6 |  6.2
Short Blades   | 1 2 3 4 6 7 |  7.0
Dodging        | 1 2 3 4 6 |  6.9
Stealth        | 4 5 6 7 |  7.1
Armour         | 1 2 3 |  3.3
Shields        | 2 3 4 |  4.3
Axes           | |  1.7
Polearms       | |  2.6

Action                   |  1- 3 |  4- 6 |  7- 9 || total
-------------------------+-------+-------+-------++-------
Melee: Hand axe          |    65 |    74 |       ||   139
       Bite              |     5 |    10 |    56 ||    71
       Spear             |       |    69 |   408 ||   477
       Dagger            |       |     1 |       ||     1
       Hunting sling     |       |     1 |       ||     1
       Unarmed           |       |       |     7 ||     7
 Fire: Hunting sling     |       |     4 |       ||     4
Throw: Tomahawk          |     4 |     1 |     5 ||    10
       Stone             |     5 |       |     6 ||    11
 Abil: End Transformatio |     1 |       |     2 ||     3
       Bat Form          |     1 |       |     2 ||     3
  Use: Potion            |     1 |     9 |    21 ||    31
       Scroll            |       |    11 |     8 ||    19
 Stab: Sleeping          |     2 |     8 |     3 ||    13
       Distracted        |       |       |     2 ||     2
Armor: Robe              |     3 |       |       ||     3
       Ring mail         |    20 |    17 |       ||    37
       Scale mail        |       |    14 |    96 ||   110
Dodge: Dodged            |    49 |    63 |   184 ||   296
Block: Buckler           |       |     7 |    80 ||    87
